 Dungeon Crawl Stone Soup version 0.31-a0-496-g6f97920a28 (webtiles) character file.

Game seed: 1604910593238548497

206 Ofeo the Changeling (level 5, -1/44 HPs)
             Began as a Naga Shapeshifter on Aug 8, 2023.
             Killed from afar by a white imp (8 damage)
             ... with a puff of frost
             ... on level 5 of the Dungeon.
             The game lasted 00:04:05 (2554 turns).

Ofeo the Changeling (Naga Shapeshifter)             Turns: 2554, Time: 00:04:05

Health: -1/44      AC:  4    Str: 16 (18) XL:     5   Next: 84%
Magic:  0/5        EV:  9    Int:  7 (8)  God:
Gold:   127        SH:  0    Dex: 18 (19) Spells: 4/4 levels left

rFire   . .          .
                       - Unarmed
rCold   . . .        (no shield)
rNeg    . . .        g - +0 ring mail
rPois   +            (helmet currently unavailable)
rElec   .            (cloak currently unavailable)
rCorr   .            (gloves currently unavailable)
SInv    +            (no barding)
Will    .....        h - amulet of guardian spirit
Stlth   ++           n - +6 ring of dexterity
HPRegen 0.27/turn    (no ring)
MPRegen 0.09/turn

%: guardian spirit
@: beast-form, very slow
A: beast (slay +3), AC +1, large, see invisible, deformed body, poison
resistance, slowness 2, spit poison 1, naga tail 1
a: Spit Poison, Begin Untransformation


You were on level 5 of the Dungeon.
You were a hulking beast.
You visited 1 branch of the dungeon, and saw 4 of its levels.

You collected 127 gold pieces.

Inventory:

Armour
 a - a +0 animal skin
 g - a +0 ring mail (worn)
Jewellery
 h - an amulet of guardian spirit (around neck)
 n - a +6 ring of dexterity (left hand)
Talismans
 c - a beast talisman (active)
 d - a flux talisman
Wands
 b - a wand of roots (3)
Scrolls
 f - 2 scrolls of vulnerability
 i - a scroll of amnesia
 l - a scroll of poison
Potions
 e - a potion of degeneration


   Skills:
 - Level 1.0 Fighting
 - Level 1.6 Dodging
 + Level 2.6 Stealth
 - Level 3.0 Unarmed Combat
 + Level 5.2 Shapeshifting


You had 4 spell levels left.
You didn't know any spells.
Your spell library contained the following spells:

 Spells                   Type           Power      Damage    Failure   Level
 Foxfire                  Conj/Fire      0%         2x1d4     65%         1
 Plasma Beam              Fire/Air       0%         2x1d10    100%        6
 Starburst                Conj/Fire      0%         6d3       100%        6


Dungeon Overview and Level Annotations

Branches:
Dungeon (3/15)

Altars:

Shops:
D:3 *


Innate Abilities, Weirdness & Mutations

You are a hulking beast.
Your limbs bulge with bestial killing power. (Slay +3)
Your serpentine skin is tough. (AC +1)
You have supernaturally acute eyesight. (SInv)
Armour fits poorly on your strangely shaped body.
Your system is resistant to poisons. (rPois)
You cover ground very slowly.
You can spit poison.
You have a snake-like lower body.


Message History

There are monsters nearby!
There are monsters nearby!
The gnoll hits you from afar with a +0 spear.
The gnoll barely misses you.
You take 4 damage, and have 40/44 hp.
You barely miss the gnoll.
The gnoll hits you from afar with a +0 spear!
The gnoll hits you but does no damage. x2
You take 6 damage, and have 34/44 hp.
You now have 4/5 mp.
Aiming: Fastroot
Press: ? - help, Shift-Dir - straight line, f - gnoll
Aim: a gnoll, wielding a +0 spear The roots erupt in riotous growth!
Roots grab the gnoll. x3
The grasping roots constrict the gnoll. x3
You hear a shout!
The grasping roots constrict the gnoll!
You kill the gnoll!
The grasping roots constrict the gnoll.
The grasping roots constrict the gnoll!
The roots release their grip on the gnoll. x2
The gnoll hits you but does no damage. The gnoll hits you with a +0 whip.
The gnoll hits you from afar with a +0 spear!
You feel your dexterity returning.
You take 10 damage, and have 25/44 hp.
MASSIVE DAMAGE!!
You now have 3/5 mp.
You hit the gnoll.
The gnoll is almost dead.
A gnoll comes into view. It is wielding a +0 spear.
The gnoll barely misses you. The white imp gestures at you.
The puff of frost hits you! The gnoll hits you but does no damage.
You take 10 damage, and have 15/44 hp.
MASSIVE DAMAGE!!
You now have 2/5 mp.
You hit the gnoll but do no damage.
The gnoll is almost dead.
The gnoll hits you with a +0 whip.
* * * LOW HITPOINT WARNING * * *
The gnoll hits you from afar with a +0 spear.
* * * LOW HITPOINT WARNING * * *
The white imp gestures at you. The puff of frost hits you!
You die...

....# #.......#
#.#.# #.# ##..#
####.#### #g#.#
#.# #..# #.#
#5#.###.###
#..# #.#
#.g..>g....
##.# #.#
###.##^.### #.#
#.##### #5# ##
#.#
#.....#######.#
###.###
#####......5...
).)..)#
#h#######5#
###.#.# #g# #.#
#.#.#


#gg ... #.#.# #.!# #.#.# #..# ..#.# #..# #.#.# #... ..#.# #.#. You could see 3
gnolls and a white imp.

Vanquished Creatures
  A hound (D:5)
  Jessica (D:3)
  Terence (D:3)
  Ijyb (D:5)
  A gnoll (D:5)
  An adder (D:3)
  2 worms
  2 dart slugs
  7 orcs
  3 ball pythons
  6 endoplasms
  A giant cockroach (D:1)
  10 goblins
  3 hobgoblins
  A jackal (D:2)
  4 quokkas
  7 bats
  4 frilled lizards
  6 kobolds
  6 rats
68 creatures vanquished.

Notes
Turn   | Place    | Note
-------+----------+-------------------------------------------
     0 | D:1      | Ofeo the Naga Shapeshifter began the quest for the Orb.
     0 | D:1      | Reached XP level 1. HP: 18/18 MP: 1/1
   231 | D:1      | Reached XP level 2. HP: 19/25 MP: 2/2
   807 | D:1      | Reached XP level 3. HP: 29/31 MP: 3/3
  1178 | D:2      | Reached skill level 4 in Shapeshifting
  1538 | D:3      | Reached XP level 4. HP: 36/38 MP: 4/4
  1609 | D:3      | Noticed Terence
  1617 | D:3      | Killed Terence
  1667 | D:3      | Found Laseolaq's Assorted Antiques.
  1729 | D:3      | Noticed Jessica
  1733 | D:3      | Killed Jessica
  1734 | D:3      | Reached XP level 5. HP: 43/44 MP: 5/5
  2100 | D:3      | Reached skill level 5 in Shapeshifting
  2152 | D:3      | You fall into a shaft and drop 2 floors!
  2152 | D:5      | Entered Level 5 of the Dungeon
  2189 | D:5      | Reached skill level 1 in Stealth
  2201 | D:5      | Noticed Ijyb
  2208 | D:5      | Killed Ijyb
  2554 | D:5      | Killed from afar by a white imp

Illustrated notes

Levels and vault maps discovered:
D:1:      onia_arrival_mini_maze, layout_basic, serial_bayou_pond_b
D:2:      layout_basic, minmay_misc_feat_room, minmay_divided_ellipse
D:3:      layout_basic, serial_forest, infiniplex_forest_lined_corner,
          infiniplex_forest_end_2, infiniplex_forest_straight_2,
          infiniplex_forest_lined_4_way, infiniplex_forest_straight_2,
          infiniplex_forest_clump_large, infiniplex_forest_end_1, serial_shops,
          nicolae_shop_overgrown_old_shop, uniq_terence, uniq_jessica
D:5:      layout_loops_ring, mainiacjoe_overflow_catwalk, uniq_ijyb

Skill      XL: |  1  2  3  4  5 |
---------------+----------------+-----
Shapeshifting  | 4 5 |  5.2
Stealth        | 2 |  2.6
Fighting       | |  1.0
Dodging        | |  1.6
Unarmed Combat | |  3.0

Action                     |  1- 3 |  4- 6 || total
---------------------------+-------+-------++-------
  Melee: Unarmed           |   115 |    76 ||   191
         Punch             |     1 |     2 ||     3
Ability: Spit Poison       |     8 |     5 ||    13
  Evoke: Wand              |       |     1 ||     1
    Use: Scroll            |       |     7 ||     7
         Potion            |       |     5 ||     5
   Stab: Sleeping          |     2 |       ||     2
 Armour: Animal skin       |     6 |       ||     6
         Ring mail         |    26 |    33 ||    59
         Skin              |       |     3 ||     3
  Dodge: Dodged            |    51 |    42 ||    93

Table legend: (Time is in decaauts)
 A = Elapsed time spent in this place.
 B = Non-inter-level travel time spent in this place.
 C = Inter-level travel time spent in this place.
 D = Time resting spent in this place.
 E = Time spent auto-exploring this place.
 F = Levels seen in this place.
 G = Mean time per level.
                   A        B        C        D        E       F      G
               +--------+--------+--------+--------+--------+-----+--------+
         Total |   3219 |   3091 |    128 |    297 |   2230 |   4 |  804.8 |
       Dungeon |   3219 |   3091 |    128 |    297 |   2230 |   4 |  804.8 |
               +--------+--------+--------+--------+--------+-----+--------+

Top non-repeatable levels by time:
     D:1: 1179 daAuts
     D:3: 805 daAuts
     D:2: 793 daAuts
     D:5: 441 daAuts
